[Event "*** Titled Tuesday Blitz"]
[Site "Chess.com"]
[Date "2019.04.02"]
[Round "4"]
[White "Gahan-MG"]
[Black "joppie2"]
[Result "1/2-1/2"]
[WhiteElo "2577"]
[BlackElo "2790"]
[TimeControl "180+2"]
[EndTime "14:53:06 PDT"]
[Termination "Game drawn by repetition"]

1. e4 e5 2. Nf3 Nc6 3. d4 exd4 4. Nxd4 Nf6 5. Nc3 Bb4 6. Nxc6 bxc6 7. Bd3 d5 8. exd5 O-O 9. O-O Bg4 10. Be2 Bxe2 11. Qxe2 cxd5 12. Bg5 Bxc3 13. bxc3 Qd6 14. Bxf6 Qxf6 15.
Qd3 Rfd8 16. Rab1 h6 17. Rfe1 Qc6 18. Re7 Re8 19. Rbe1 Rxe7 20. Rxe7 Rb8 21. g3 Qd6 22. Qe3 Kf8 23. Re5 Qa6 24. Kg2 Rd8 25. Qc5+ Qd6 26.
Rxd5 Qxc5 27. Rxc5 Rd2 28. Rxc7 Rxc2 29. Rxa7 Rxc3 30.
h4 h5 31. a4 Ra3 32. a5 g6 33. a6 Kg7 34. Kf1 Ra2 35. Ra8 Kf6 36. Kg2 Kf5 37. Kf3 Ra3+ 38. Ke2 Kg4 39. Rf8 Ra2+ 40. Ke3 Ra3+ 41. Ke2 Ra2+ 42. Ke3 Ra3+ 43. Ke2 Ra2+ 44. Ke3 Ra3+ 45. Kd4 Ra4+ 46. Kc5 Rxa6 47. Rxf7 Ra3 48.
Rf4+ Kh3 49. Kd5 Ra5+ 50. Ke6 g5 51. hxg5 Rxg5 52. Kf6 Ra5 53. Rf5 Ra6+ 54. Kg5 h4 55.
gxh4 Ra1 56. Rf3+ Kg2 57. Rf5 Kh3 58. Rf3+ Kg2 59. Rf4 Kh3 60. h5 Rg1+ 61. Kh6 Rg2 62. Rf3+ Kh4 63. Rf4+ Kh3 64. Rf3+ Kh4 65. Rf4+ Kh3 66.
Rf6 Kh4 67. Rf5 Rg4 68. Kh7 Rg1 69.
h6 Rg2 70. Kh8 Kg4 71. Rf7 Kh5 72. h7 Rg5 73. Rg7 Ra5 74. Kg8 Ra8+ 75. Kf7 Kh6 76. Kf6 Ra6+ 77. Kf7 Ra7+ 78. Kf6 Ra6+ 79. Kf7 Ra7+ 80.
Kf6 Ra6+ 81. Kf7 Ra7+ 82. Kf6 Ra6+ 83. Kf7 Ra7+ 84. Kf6 Ra6+ 1/2-1/2

[Event "*** Titled Tuesday Blitz"]
[Site "Chess.com"]
[Date "2019.04.02"]
[Round "4"]
[White "GrigorGrigorov"]
[Black "OparinGrigoriy"]
[Result "1/2-1/2"]
[WhiteElo "2722"]
[BlackElo "2974"]
[TimeControl "180+2"]
[EndTime "14:53:15 PDT"]
[Termination "Game drawn - insufficient material"]

1. Nf3 Nf6 2. c4 b6 3. g3 Bb7 4. Bg2 e6 5. d4 Be7 6. O-O O-O 7. Re1 Na6 8. a3 d5 9. cxd5 exd5 10. b4 c5 11. bxc5 bxc5 12. dxc5 Nxc5 13. Nc3 Nfe4 14. Nb5 Bf6 15. Nbd4 Ba6 16. Be3 Rc8 17. Rc1 Qa5 18.
Nb3 Nxb3 19. Qxb3 Nc3 20. Bf1 Rfe8 21. Qb4 Qxb4 22. axb4 Nxe2+ 23. Bxe2 Rxc1 24. Bxa6 Rc3 25. Rd1 Rb3 26. b5 Rd8 27. Nd4 Bxd4 28. Bxd4 Rd7 29. Rc1 f6 30. Bc8 Rd8 31. Be6+ Kh8 32. Bd7 h5 33. Bc6 Rc8 34. Bxa7 Rxb5 35. Bxb5 Rxc1+ 36. Kg2 Kh7 37. Be3 Ra1 38. Bd3+ g6 39. Kf3 Kg7 40. h4 Ra3 41. Ke2 Kf7 42. Bc5 Ra5 43. Bd4 g5 44.
Ke3 gxh4 45. gxh4 Ra4 46. Be2 Ra3+ 47. Kf4 Kg6 48. Bf3 Ra5 49. Bg2 Kf7 50. Bf3 Kg6 51. Be2 Ra4 52. Ke3 Kf7 53. Bxh5+ Ke6 54. Be2 Ra8 55.
h5 Rg8 56. Kf4 Rg5 57. Bg4+ Kf7 58. Bf3 Ke6 59. Be2 Rg8 60. Bd3 Rg5 61. h6 Rh5 62. h7 Kf7 63. Kg4 Rh1 64. Bf5 Kg7 65. Kf4 Rh4+ 66. Ke3 Rh5 67. Bd3 Rh3+ 68. f3 Rh4 69.
Bf5 Rh5 70. Bd3 Rh1 71. Kd2 Rh3 72. Kc3 Rh1 73. Kb4 Rh3 74. Kc5 Rxf3 75. Bc2 Rh3 76. Kxd5 Rxh7 77. Bxh7 Kxh7 78. Bxf6 1/2-1/2

[Event "*** Titled Tuesday Blitz"]
[Site "Chess.com"]
[Date "2019.04.02"]
[Round "4"]
[White "Andrjywa"]
[Black "PelinGorki"]
[Result "1/2-1/2"]
[WhiteElo "2532"]
[BlackElo "2525"]
[TimeControl "180+2"]
[EndTime "14:53:28 PDT"]
[Termination "Game drawn - insufficient material"]

1. Nf3 e6 2. g3 g5 3. d4 g4 4. Ne5 h5 5. h3 d6 6. Nd3 Bg7 7. c3 Nc6 8. hxg4 hxg4 9. Rxh8 Bxh8 10. Bg2 Nge7 11. e4 Bd7 12. Qxg4 Ng6 13. Bg5 Bf6 14. Bxf6 Qxf6 15. Qf3 Qe7 16. Nd2 O-O-O 17. O-O-O Na5 18.
Kb1 Bb5 19. Nb3 Nc4 20. Nf4 Nf8 21. Bf1 Nd7 22. Na5 Nd2+ 23. Rxd2 Bxf1 24. e5 d5 25. Ne2 f6 26. exf6 Nxf6 27. Rd1 Bh3 28. Qe3 Rd6 29. Nb3 Qd7 30. Rh1 Bf5+ 31. Ka1 Ra6 32. Rh8+ Ne8 33. Nc5 Qf7 34. Nxa6 bxa6 35. Qe5 Kb7 36. Nf4 Nd6 37. Rh1 Nc4 38. Qe2 Qe8 39. b3 Nd6 40. Kb2 a5 41. f3 a4 42. g4 a3+ 43. Kxa3 Qf8 44. Kb2 Bxg4 45. fxg4 Qxf4 46. Rf1 Qh6 47. g5 Qxg5 48.
a4 a6 49. Re1 Ne4 50. Rf1 e5 51.
dxe5 Qxe5 52. Qd3 Nxc3 53. Qxc3 Qe2+ 54. Qc2 Qxf1 55. Qd2 Qf6+ 56. Ka2 Qd6 57. a5 Qc5 58. Kb2 d4 59. b4 Qd5 60. Ka3 Kc6 61. Qd3 Kb7 62. Kb2 Qd6 63. Kb3 Qe6+ 64. Ka3 Qf6 65. Kb3 Kc8 66. Kc4 Qc6+ 67. Kxd4 Qd6+ 68. Kc4 Qc6+ 69. Kb3 Kb7 70. Qc4 Qf3+ 71. Qc3 Qd5+ 72. Qc4 Qd1+ 73. Kb2 Qd2+ 74. Kb3 Qe3+ 75. Kb2 Qe5+ 76.
Kb3 Qg3+ 77. Kb2 Qg2+ 78. Kb3 Qf3+ 79. Kb2 Qf2+ 80. Kb3 Qf3+ 81. Kb2 Qh1 82. Kb3 Qg2 83. b5 Qf3+ 84. Kb4 Qf8+ 85. Ka4 axb5+ 86. Qxb5+ Ka7 87. a6 Qb8 88. Qxb8+ Kxb8 89. Kb5 Ka7 90. Kc6 Kxa6 91. Kxc7 1/2-1/2

[Event "*** Titled Tuesday Blitz"]
[Site "Chess.com"]
[Date "2019.04.02"]
[Round "4"]
[White "r31415"]
[Black "santosalberto1987"]
[Result "0-1"]
[WhiteElo "2339"]
[BlackElo "2413"]
[TimeControl "180+2"]
[EndTime "14:53:38 PDT"]
[Termination "santosalberto1987 won by resignation"]

1. e4 e6 2. d4 d5 3. Nc3 Nf6 4. e5 Nfd7 5. f4 c5 6. Nf3 Nc6 7. Be3 Qb6 8. a3 a6 9. Be2 Qa7 10. Qd2 b5 11. Nd1 cxd4 12. Nxd4 Nxd4 13. Bxd4 Bc5 14. c3 Bb7 15. Nf2 Bxd4 16. cxd4 Rc8 17.
O-O O-O 18. Rfc1 Nb6 19. b3 Rxc1+ 20. Rxc1 Rc8 21. Nd3 Nd7 22. Rxc8+ Bxc8 23. Qc3 Qb7 24. Kf2 g6 25. Ke3 Kg7 26. g4 Qb8 27. h4 Bb7 28. h5 Qc8 29. Kd2 Qd8 30. g5 h6 31.
gxh6+ Kxh6 32. Qc1 Qh4 33. Qg1 a5 34. b4 axb4 35.
axb4 Nb6 36. hxg6 Nc4+ 37. Kc3 fxg6 38. Qg4 Qh1 39. Bd1 Kh7 40. Qf3 Qh2 41. Qe2 Qg3 42. Qf3 Qg1 43. Qe2 Bc6 44. Qg4 Qh2 45. Qe2 Qg3 46. Qf3 Qg1 47. Qe2 Kg7 48. Qg4 Qe3 49. Qe2 Qg1 50. Qg4 Qh1 51. Qf3 Qh2 52. Qe2 Qh8 53. Nc5 Qa8 54. Nxe6+ Kg8 55. Qc2 Qa3+ 56. Qb3 Qc1+ 57. Qc2 Qe3+ 58. Qd3 Qc1+ 59. Qc2 Qa3+ 60. Qb3 Qa1+ 61. Kd3 Nb2+ 62. Ke2 Bd7 63. Qc2 Qxd1+ 64. Qxd1 Nxd1 65. Nc5 Bg4+ 66. Kd2 Nf2 67. Na6 Ne4+ 68. Ke3 Bd7 69. Nc7 Bc6 70. Kf3 Kf7 71. Kg4 Nd2 72. f5 gxf5+ 73. Kxf5 Ke7 74. Na6 Nb3 75. Kf4 Nxd4 76.
Ke3 Ne6 77. Nb8 Be8 78. Na6 Kd8 79. Kf3 Kc8 80. Kg4 Kb7 81. Kf5 Bd7 82. Kf6 Kxa6 83.
Ke7 Nf4 84. Kxd7 d4 85. Kc6 d3 86. e6 Nxe6 87. Kd7 d2 88. Kc6 Nd4+ 0-1

[Event "*** Titled Tuesday Blitz"]
[Site "Chess.com"]
[Date "2019.04.02"]
[Round "4"]
[White "mbojan"]
[Black "MaxLeto"]
[Result "1/2-1/2"]
[WhiteElo "2497"]
[BlackElo "2325"]
[TimeControl "180+2"]
[EndTime "14:54:07 PDT"]
[Termination "Game drawn - insufficient material"]

1. e4 c5 2. Nc3 Nc6 3. Nf3 e5 4. Bc4 d6 5. d3 g6 6. Nd2 Bg7 7. Nf1 Nge7 8. Ne3 Be6 9. O-O Qd7 10. Ncd5 O-O 11. a4 f5 12. Nxe7+ Nxe7 13. Bxe6+ Qxe6 14.
exf5 gxf5 15. f3 d5 16. Qe2 b6 17. Bd2 Rae8 18. Rae1 Kh8 19. Nd1 Nc6 20. c3 Qg6 21. Nf2 Bf6 22. Kh1 Re7 23. Rg1 Rfe8 24.
c4 Nd4 25. Qd1 Qf7 26. cxd5 Qxd5 27. Bc3 Rd8 28. Bxd4 Qxd4 29. Qc2 Red7 30. b3 Qf4 31. Re2 Rd6 32. Nh3 Qh4 33. Rd1 e4 34. fxe4 fxe4 35.
Nf2 Be5 36. g3 Bxg3 37. Nxe4 Rh6 38. Qb2+ Rd4 39. Rg1 Be5 40. Reg2 Rg6 41. Rxg6 hxg6 42. Qg2 Rxd3 43. Ng5 Rg3 44. Qa8+ Kg7 45. Qb7+ Kh6 46. Nf7+ Kh5 47. Nxe5 Rxg1+ 48. Kxg1 Qe1+ 49. Kg2 Qe2+ 50. Kh3 Qxe5 51. Qxa7 Qe3+ 52. Kg2 Qd2+ 53. Kg3 Qc3+ 54. Kf4 Qb4+ 55. Ke5 Qxb3 56. Kd6 Qd3+ 57. Kc6 c4 58.
Qh7+ Kg5 59. Qe7+ Kg4 60. Kxb6 c3 61. Qe6+ Kg5 62. Qe5+ Kg4 63. Qe6+ Kh5 64. Qe5+ g5 65. Qh8+ Kg4 66. Qc8+ Kf3 67. a5 c2 68. a6 Qb3+ 69. Ka7 Qb2 70. Qf5+ Ke2 71. Qe4+ Kd2 72. Qg2+ Kc3 73.
Qf3+ Kb4 74. Qe4+ Ka3 75. Qd3+ Ka2 76. Qd5+ Ka1 77. Qa5+ Kb1 78. Qf5 Ka2 79. Qa5+ Kb1 80. Qf5 g4 81. Ka8 Qh8+ 82. Ka7 Qg7+ 83. Kb6 Qb2+ 84. Kc7 Qc3+ 85. Kb7 Qb4+ 86. Kc7 Qc4+ 87. Kb7 Kb2 88. Qe5+ Ka3 89. Qa1+ Kb3 90. a7 c1=Q 91. Qxc1 Qxc1 92. a8=Q Qh1+ 93. Ka7 Qxa8+ 94. Kxa8 Kc3 95. Kb7 Kd4 96. Kc6 Ke4 97. Kd6 Kf3 98. Ke5 Kg2 99. Kf4 Kh3 100. Kg5 g3 101. hxg3 Kxg3 1/2-1/2

[Event "*** Titled Tuesday Blitz"]
[Site "Chess.com"]
[Date "2019.04.02"]
[Round "4"]
[White "BlackBoarder"]
[Black "AdrianaNikolova"]
[Result "1/2-1/2"]
[WhiteElo "2525"]
[BlackElo "2461"]
[TimeControl "180+2"]
[EndTime "14:54:08 PDT"]
[Termination "Game drawn - insufficient material"]

1. e4 c5 2. Nf3 d6 3. c3 Nf6 4. h3 e6 5. Bd3 Nc6 6. O-O d5 7. e5 Nd7 8. Bb5 Qc7 9. d4 a6 10. Ba4 b5 11. Bc2 b4 12. Re1 a5 13. Nbd2 Ba6 14. Ng5 Nb6 15. Nxh7 Be7 16. dxc5 Bxc5 17. Nb3 Be7 18. Ng5 bxc3 19. bxc3 Nxe5 20. Bf4 Nbc4 21.
Nd2 Bxg5 22. Bxg5 Nxd2 23. Qxd2 Nc4 24. Qd4 Kf8 25. Bf4 Qb6 26. Qxb6 Nxb6 27. Bd6+ Kg8 28. Be5 Nc4 29. Bd4 Rc8 30. Rab1 Rh5 31. Bd1 Rg5 32. Be2 Kh7 33. g3 e5 34. Be3 Rg6 35. Bd3 e4 36. Bf1 Rcc6 37. Bd4 Nd2 38. Bxa6 Rxa6 39. Rb5 Nf3+ 40. Kf1 Nxe1 41. Kxe1 Rg5 42.
h4 Rf5 43. Be3 Rc6 44. Kd2 a4 45. g4 Rf3 46. Rxd5 Rh3 47. h5 Rh2 48. Rd4 a3 49. Rxe4 Rf6 50. Ke2 Rh1 51. Ra4 Ra1 52. Rxa3 Rc6 53. g5 Rb1 54. Bd4 Rb2+ 55. Kf3 Re6 56. Ra7 Rb5 57. Rxf7 Rxg5 58. a4 Rxh5 59. Rxg7+ Kh6 60.
Rg8 Ra5 61. Rh8+ Kg6 62. Rg8+ Kf7 63. Rg7+ Kf8 64. Rg4 Ke8 65. Be3 Rf6+ 66. Kg3 Rc6 67. Re4+ Kd7 68. Bd2 Rg6+ 69. Kf3 Rf6+ 70. Ke3 Re6 71. f4 Rxa4 72. Rxe6 Kxe6 73. Kd3 Kd5 74. Be3 Rc4 75. f5 Rc6 76. Bd4 Rh6 77. f6 Rh3+ 78. Kc2 Rf3 79. Kb3 Kc6 80. Kc4 Rf4 81. Kd3 Kd5 82.
c4+ Kc6 83. Ke3 Rf1 84. Ke4 Kd6 85. c5+ Ke6 86. Kd3 Rc1 87. Bc3 Kd5 88. Bb4 Ke6 89. Bc3 Kd5 90. Bb4 Ke6 91. Bc3 Kd5 92. Bd2 Rxc5 93. f7 Rc8 94. Bh6 Ke6 95. f8=Q Rxf8 96. Bxf8 1/2-1/2

[Event "*** Titled Tuesday Blitz"]
[Site "Chess.com"]
[Date "2019.04.02"]
[Round "4"]
[White "mikhaillushenkov"]
[Black "SloLev"]
[Result "1/2-1/2"]
[WhiteElo "2655"]
[BlackElo "2505"]
[TimeControl "180+2"]
[EndTime "14:55:04 PDT"]
[Termination "Game drawn by repetition"]

1. Nf3 d5 2. d4 Nf6 3. c4 e6 4. Nc3 c6 5. e3 Nbd7 6. Bd3 dxc4 7. Bxc4 b5 8. Bd3 a6 9. a4 Bb7 10. Qe2 Bd6 11. O-O O-O 12. e4 e5 13. Rd1 Qe7 14.
h3 Rfe8 15. axb5 axb5 16. Rxa8 Bxa8 17. Bg5 h6 18. Bh4 g5 19. Bg3 exd4 20. Nxd4 Bxg3 21. Nf5 Bxf2+ 22. Qxf2 Qc5 23. Nxh6+ Kf8 24. Nf5 Qxf2+ 25. Kxf2 Nc5 26. b4 Nxd3+ 27. Rxd3 c5 28. Nd6 Rd8 29. e5 Nd7 30. bxc5 Nxc5 31. Rg3 b4 32. Ncb5 b3 33. Ke3 b2 34. Nc3 Na4 35. Nb1 f6 36. Rg4 Bc6 37.
Rc4 Bd7 38. exf6 Ra8 39. Rb4 Be6 40. Ne4 Ba2 41. Ned2 Bxb1 42. Nxb1 Kf7 43. Nd2 Kxf6 44. Nc4 Re8+ 45. Kf3 Rc8 46. Nxb2 Nxb2 47. Rb6+ Kf5 48. Rb5+ Kg6 49. Rxb2 Rc3+ 50. Kf2 Kh5 51. Rb6 Rc2+ 52. Kg1 Rc1+ 53. Kh2 Rc2 54. Re6 Ra2 55. Kg3 Ra3+ 56. Kf2 Ra2+ 57. Kf3 Ra3+ 58. Re3 Ra4 59. Kg3 Rb4 60. Re8 Rb3+ 61. Kf2 Rb2+ 62. Kf3 Rb3+ 63. Re3 Rb4 64. Ra3 Rc4 65. Re3 Rf4+ 66. Ke2 Rb4 67. Rg3 Rb2+ 68. Kf3 Rb4 69. Rg4 Rb5 70. Ke4 Ra5 71.
Rg3 Ra2 72. Kf5 Rf2+ 73. Ke5 Re2+ 74. Kf6 Rf2+ 75. Kg7 Kh4 76. Rg4+ Kh5 77. Rg3 Rf1 78. Rf3 Rg1 79. g3 Ra1 80. Rf6 Ra7+ 81. Rf7 Ra6 82. Kg8 Kg6 83. Rg7+ Kh6 84. Re7 Rf6 85. Re4 Kg6 86.
h4 gxh4 87. Rxh4 Ra6 88. Rg4+ Kh6 89. Kf7 Kh5 90. Rg8 Ra4 91. Kf6 Ra6+ 92. Kf5 Ra5+ 93. Kf4 Kh6 94. g4 Kh7 95. Rb8 Kg7 96. Kg3 Kg6 97. Kh4 Ra6 98. Rg8+ Kh7 99. Rf8 Ra7 100. Kh5 Kg7 101. Rf1 Rb7 102. Rc1 Ra7 103. g5 Rb7 104. Rd1 Ra7 105. Rd5 Rb7 106. Kg4 Ra7 107. Re5 Rb7 108. Kf5 Ra7 109. Kg4 Rb7 110. Rf5 Ra7 111. Rf4 Rb7 112. Rf5 Ra7 113. Rf4 Rb7 114. Rf5 Ra7 115. Rf4 Rb7 1/2-1/2

[Event "*** Titled Tuesday Blitz"]
[Site "Chess.com"]
[Date "2019.04.02"]
[Round "5"]
[White "RATNAKARAN"]
[Black "GM_RobertoMogranzini"]
[Result "1-0"]
[WhiteElo "2466"]
[BlackElo "2456"]
[TimeControl "180+2"]
[EndTime "14:57:37 PDT"]
[Termination "RATNAKARAN won by resignation"]

1. e4 d6 2. d4 Nf6 3. Nc3 e5 4.
Nf3 Nbd7 5. Bc4 Be7 6. Bxf7+ Kxf7 7. Ng5+ Kg8 8. Ne6 Qe8 9. Nxc7 Qd8 10. Nxa8 b6 11. dxe5 Nxe5 12. f4 Nf7 13. Nd5 Bb7 14. Nac7 Nxe4 15. O-O Bf8 16. Re1 Nf6 17. Ne6 Qc8 18.
Nxf6+ gxf6 19. Qg4+ Ng5 20. fxg5 1-0

[Event "*** Titled Tuesday Blitz"]
[Site "Chess.com"]
[Date "2019.04.02"]
[Round "5"]
[White "Mikedannnn"]
[Black "ilm2034"]
[Result "1-0"]
[WhiteElo "2522"]
[BlackElo "2403"]
[TimeControl "180+2"]
[EndTime "14:58:02 PDT"]
[Termination "Mikedannnn won by checkmate"]

1. e4 d6 2. d4 Nf6 3. Nc3 Bg4 4. f3 Bh5 5. g4 Bg6 6. h4 h5 7. g5 Nfd7 8. f4 e6 9. Bh3 f5 10. exf5 Bxf5 11. Qe2 Nc6 12. Bxf5 Nxd4 13. Bg6+ Ke7 14. Nd5# 1-0

[Event "*** Titled Tuesday Blitz"]
[Site "Chess.com"]
[Date "2019.04.02"]
[Round "5"]
[White "GCamachoMartinez"]
[Black "Alopekos"]
[Result "1/2-1/2"]
[WhiteElo "2359"]
[BlackElo "2480"]
[TimeControl "180+2"]
[EndTime "14:58:03 PDT"]
[Termination "Game drawn by agreement"]

1. d4 Nf6 2. c4 e6 3. Nf3 d5 4. Nc3 c5 5. cxd5 cxd4 6. Nxd4 Nxd5 7. e4 Nxc3 8. bxc3 e5 9. Bb5+ Bd7 10. Bxd7+ Qxd7 11.
Nf5 Qxd1+ 12. Kxd1 Nc6 13. Rb1 O-O-O+ 14. Kc2 Bc5 15. Be3 Bxe3 16. Nxe3 Rd7 17. Rhd1 Rhd8 18.
Rxd7 Rxd7 1/2-1/2

[Event "*** Titled Tuesday Blitz"]
[Site "Chess.com"]
[Date "2019.04.02"]
[Round "5"]
[White "Cayse"]
[Black "StephenDedalus83"]
[Result "1-0"]
[WhiteElo "2678"]
[BlackElo "2647"]
[TimeControl "180+2"]
[EndTime "14:58:07 PDT"]
[Termination "Cayse won by resignation"]

1. e4 c5 2. Nf3 d6 3. Bb5+ Nd7 4. Ba4 Nf6 5. O-O Nxe4 6. Re1 Nf6 7. d4 e6 8. d5 e5 9. Nxe5 dxe5 10. Rxe5+ Be7 11. d6 Qa5 12. Rxe7+ Kf8 13. Bb3 c4 14. Bxc4 Ne5 15.
Bb3 Bg4 16. Qd2 Qxd2 17. Bxd2 Re8 18. Bc3 Nfd7 19. f4 1-0

[Event "*** Titled Tuesday Blitz"]
[Site "Chess.com"]
[Date "2019.04.02"]
[Round "5"]
[White "chessdjw"]
[Black "Andrew-FB00"]
[Result "1-0"]
[WhiteElo "2617"]
[BlackElo "1855"]
[TimeControl "180+2"]
[EndTime "14:58:29 PDT"]
[Termination "chessdjw won by resignation"]

1. Nf3 Nf6 2. e3 e6 3. c4 d5 4. Nc3 Be7 5. b3 O-O 6. Bb2 c5 7. cxd5 Nxd5 8. h4 b6 9. Qb1 Nxc3 10. Bxc3 Bb7 11. Ng5 g6 12. Nxh7 Kxh7 13. h5 f5 14.
hxg6+ Kxg6 15. Qd1 1-0

[Event "*** Titled Tuesday Blitz"]
[Site "Chess.com"]
[Date "2019.04.02"]
[Round "5"]
[White "Konavets"]
[Black "Off-War"]
[Result "1-0"]
[WhiteElo "2809"]
[BlackElo "2628"]
[TimeControl "180+2"]
[EndTime "14:58:46 PDT"]
[Termination "Konavets won by resignation"]

1. d4 Nf6 2. c4 e6 3. Nc3 Bb4 4. f3 c5 5. d5 b5 6. e4 bxc4 7. Bxc4 O-O 8. Ne2 exd5 9. Bxd5 Nxd5 10. Qxd5 Qb6 11. O-O Bb7 12. Qh5 c4+ 13. Kh1 Na6 14. Rd1 Bc6 15. Nd4 Nc5 16. Nf5 Nd3 17.
Rxd3 cxd3 18. Qg5 Bxc3 19. bxc3 Qd4 20. cxd4 1-0

[Event "*** Titled Tuesday Blitz"]
[Site "Chess.com"]
[Date "2019.04.02"]
[Round "5"]
[White "Komissarov_alex"]
[Black "aa175"]
[Result "0-1"]
[WhiteElo "2080"]
[BlackElo "1938"]
[TimeControl "180+2"]
[EndTime "14:58:48 PDT"]
[Termination "aa175 won by resignation"]

1. d4 Nf6 2. Nf3 g6 3. Nc3 d5 4.
Bf4 Bg7 5. Qd2 O-O 6. Bh6 Ne4 7. Nxe4 dxe4 8. Bxg7 Kxg7 9. Ng1 Nd7 10. f3 Nf6 11.
O-O-O Bf5 12. g4 Be6 13. h4 Qd5 14. b3 e3 15. Qxe3 Nxg4 16. Qc3 Nf2 17. e4 Qc6 18. d5+ Qxc3 0-1

[Event "*** Titled Tuesday Blitz"]
[Site "Chess.com"]
[Date "2019.04.02"]
[Round "5"]
[White "ShimanovAlex"]
[Black "Tiqr777"]
[Result "1-0"]
[WhiteElo "2855"]
[BlackElo "2646"]
[TimeControl "180+2"]
[EndTime "14:59:16 PDT"]
[Termination "ShimanovAlex won by resignation"]

1. e4 g6 2. d4 Bg7 3. Nf3 d6 4.
Bc4 c6 5. Qe2 Nf6 6. e5 Nd5 7.
h3 O-O 8. O-O Nd7 9. Re1 N7b6 10. Bb3 c5 11. dxc5 dxc5 12. Rd1 c4 13. Bxc4 Nxc4 14. Qxc4 Ne3 15. Rxd8 Nxc4 16. Rxf8+ Kxf8 17. c3 Nxe5 18. Nxe5 Bxe5 19. Be3 f5 20. Nd2 Bc7 21. f4 Be6 22. Nf3 Bd5 23. Nd4 e5 24. Nb5 Bb8 25.
Rd1 exf4 26. Bc5+ 1-0

[Event "*** Titled Tuesday Blitz"]
[Site "Chess.com"]
[Date "2019.04.02"]
[Round "5"]
[White "SergioGarciaFuentes"]
[Black "gemarin"]
[Result "0-1"]
[WhiteElo "2038"]
[BlackElo "2059"]
[TimeControl "180+2"]
[EndTime "14:59:23 PDT"]
[Termination "gemarin won by resignation"]

1. d4 d5 2. c4 c6 3. Nf3 Nf6 4.
cxd5 cxd5 5. Nc3 Nc6 6. Ne5 e6 7. Nxc6 bxc6 8. e3 Bd6 9. Bd3 O-O 10. Na4 Ba6 11. O-O Bxd3 12. Qxd3 Qa5 13. b3 c5 14. Bd2 c4 15. Bxa5 cxd3 16. Rfd1 Rac8 17. Rxd3 Rc2 18. Rd2 Rfc8 19. Kf1 Ne4 20. Re2 Rxe2 21. Kxe2 Rc2+ 22. Kd3 0-1

[Event "*** Titled Tuesday Blitz"]
[Site "Chess.com"]
[Date "2019.04.02"]
[Round "5"]
[White "mjray79"]
[Black "SolidAsARook"]
[Result "1-0"]
[WhiteElo "2191"]
[BlackElo "2239"]
[TimeControl "180+2"]
[EndTime "14:59:36 PDT"]
[Termination "mjray79 won by resignation"]

1. d4 Nf6 2. c4 e6 3. Nc3 Bb4 4. e3 O-O 5. Ne2 d5 6. g3 b6 7.
Bg2 Bb7 8. a3 Be7 9. O-O Nbd7 10. b4 a5 11. Rb1 axb4 12. axb4 Ne4 13. Nxe4 dxe4 14. c5 f5 15. Nf4 Bd5 16. f3 Nf6 17.
fxe4 fxe4 18. Bh3 Qd7 19. Nxd5 Qxd5 20. Qb3 g5 21. Bxe6+ 1-0

[Event "*** Titled Tuesday Blitz"]
[Site "Chess.com"]
[Date "2019.04.02"]
[Round "5"]
[White "DoHoChess"]
[Black "Floatingdream1"]
[Result "0-1"]
[WhiteElo "2544"]
[BlackElo "2814"]
[TimeControl "180+2"]
[EndTime "14:59:42 PDT"]
[Termination "Floatingdream1 won by resignation"]

1. c4 c5 2. Nf3 g6 3. g3 Bg7 4.
Bg2 Nc6 5. Nc3 e6 6. d4 cxd4 7. Nb5 d5 8. cxd5 exd5 9. O-O Nge7 10. Nfxd4 O-O 11. Be3 a6 12. Nc3 Ne5 13. Bg5 f6 14. Bf4 g5 15. Bc1 b5 16. Qb3 Nc4 17. a4 f5 18. Rd1 h6 19. axb5 Kh8 20. Nxd5 Nxd5 21.
Qxc4 axb5 22. Rxa8 bxc4 23. Ne6 Bxe6 24. Rxd8 Rxd8 25.
g4 f4 26. e4 fxe3 27. fxe3 Rd7 28. h3 Nb4 0-1

[Event "*** Titled Tuesday Blitz"]
[Site "Chess.com"]
[Date "2019.04.02"]
[Round "5"]
[White "FearNoEvil12"]
[Black "DACF2905"]
[Result "0-1"]
[WhiteElo "2005"]
[BlackElo "2082"]
[TimeControl "180+2"]
[EndTime "14:59:42 PDT"]
[Termination "DACF2905 won by resignation"]

1. e4 c5 2. Nc3 Nc6 3. f4 g6 4.
Nf3 Bg7 5. Bc4 e6 6. f5 Nge7 7. fxg6 hxg6 8. d3 Qc7 9. O-O a6 10. a4 Nd4 11. g3 b6 12. Bf4 d6 13.
Ne2 Nxf3+ 14. Rxf3 Bb7 15. c3 O-O-O 16. a5 b5 17.
Bxb5 axb5 18. a6 Bc6 19. a7 Ba8 20. Qb3 Qc6 21. Rff1 c4 22. Qa3 cxd3 23. Nd4 Bxd4+ 24.
cxd4 Qxe4 25. Qa6+ Kd7 26. Qxb5+ Bc6 0-1

[Event "*** Titled Tuesday Blitz"]
[Site "Chess.com"]
[Date "2019.04.02"]
[Round "5"]
[White "kuli4ik"]
[Black "enriquetejedor"]
[Result "1-0"]
[WhiteElo "2781"]
[BlackElo "2540"]
[TimeControl "180+2"]
[EndTime "14:59:47 PDT"]
[Termination "kuli4ik won by resignation"]

1. Nf3 d5 2. d4 c6 3. Bf4 Nf6 4. e3 Bf5 5. h3 e6 6. c4 h6 7.
Nc3 Nbd7 8. Qb3 Qb6 9. c5 Qxb3 10. axb3 a6 11. b4 Rc8 12. Nd2 Be7 13. Nb3 Bd8 14. Na5 Bxa5 15. bxa5 Ra8 16. Bd6 Kd8 17. f3 Ne8 18.
Bh2 Nc7 19. Kf2 Nb5 20. Rc1 Re8 21. Be2 Bh7 22. Rhd1 Ke7 23. Na4 Rf8 24. Bxb5 axb5 25. Bd6+ Ke8 26. Bxf8 Kxf8 27. Nb6 Nxb6 28. axb6 Ra2 29. Ra1 Rxb2+ 30. Kg1 b4 31. Ra7 b3 32. Rxb7 Rc2 33. Rc7 1-0

[Event "*** Titled Tuesday Blitz"]
[Site "Chess.com"]
[Date "2019.04.02"]
[Round "5"]
[White "sergiochess83"]
[Black "FedaMaster"]
[Result "1-0"]
[WhiteElo "2744"]
[BlackElo "2608"]
[TimeControl "180+2"]
[EndTime "14:59:56 PDT"]
[Termination "sergiochess83 won by resignation"]

1. e4 d5 2. exd5 Qxd5 3. Nc3 Qd6 4. d4 Nf6 5. Bc4 a6 6. Nge2 b5 7. Bb3 Bb7 8. Bf4 Qd8 9. O-O e6 10. d5 exd5 11. Ng3 Be7 12. Nf5 O-O 13. Nxd5 Nxd5 14. Bxd5 Bxd5 15. Qxd5 c6 16. Qxd8 Bxd8 17. Bd6 Re8 18.
Rfe1 Re6 19. Nd4 Ba5 20. Nxe6 fxe6 21. Rxe6 Nd7 22. a4 b4 23. Rd1 Nf6 24. Be5 Ng4 25. Bg3 b3 26. cxb3 Rb8 27. Bxb8 1-0

[Event "*** Titled Tuesday Blitz"]
[Site "Chess.com"]
[Date "2019.04.02"]
[Round "5"]
[White "jefferyx"]
[Black "penguingm1"]
[Result "1-0"]
[WhiteElo "2892"]
[BlackElo "2958"]
[TimeControl "180+2"]
[EndTime "15:00:00 PDT"]
[Termination "jefferyx won by checkmate"]

1. d4 d5 2. c4 e6 3. Nc3 Be7 4. Bf4 Nf6 5. e3 O-O 6. a3 Nbd7 7. Nb5 Ne8 8. Nf3 c6 9. Nc3 b6 10. cxd5 exd5 11. Bd3 Bb7 12. O-O Ndf6 13. b4 Bd6 14.
Ne5 Nc7 15. Rc1 Ne6 16. Bg3 Qe7 17. f4 Rac8 18. Bh4 c5 19. bxc5 bxc5 20. Ng4 Rfe8 21.
Bxf6 gxf6 22. Nh6+ Kh8 23. Qh5 Ng7 24. Qxf7 Qxe3+ 25. Kh1 Qxd3 26. Qg8+ Rxg8 27. Nf7# 1-0

[Event "*** Titled Tuesday Blitz"]
[Site "Chess.com"]
[Date "2019.04.02"]
[Round "5"]
[White "GelmanAlexander"]
[Black "pastouche06"]
[Result "1-0"]
[WhiteElo "2556"]
[BlackElo "2398"]
[TimeControl "180+2"]
[EndTime "15:00:02 PDT"]
[Termination "GelmanAlexander won by resignation"]

1. d4 Nf6 2. Nc3 d5 3. Bf4 e6 4. Nb5 Na6 5. e3 c6 6. Nc3 b6 7. g4 Bd6 8. Qf3 h6 9. O-O-O Nc7 10. h4 Bxf4 11. Qxf4 Bb7 12. Nf3 Qe7 13. Ne5 Nd7 14. Nxc6 Bxc6 15. Qxc7 Nb8 16. Nb5 Bxb5 17. Bxb5+ Nd7 18.
e4 1-0

[Event "*** Titled Tuesday Blitz"]
[Site "Chess.com"]
[Date "2019.04.02"]
[Round "5"]
[White "joppie2"]
[Black "Hunninn"]
[Result "1-0"]
[WhiteElo "2795"]
[BlackElo "2624"]
[TimeControl "180+2"]
[EndTime "15:00:07 PDT"]
[Termination "joppie2 won by resignation"]

1. e4 e5 2. Nf3 Nc6 3. Bb5 Nge7 4. Nc3 d6 5. d4 Bd7 6. dxe5 dxe5 7. Be3 Ng6 8. Nd5 Nce7 9. Bc4 c6 10. Nc3 h6 11. h4 Qc7 12. g3 Nc8 13. h5 Nge7 14. Qd3 Nb6 15. Bxb6 axb6 16. O-O-O Bg4 17. Rh4 Bc8 18.
Nxe5 1-0

[Event "*** Titled Tuesday Blitz"]
[Site "Chess.com"]
[Date "2019.04.02"]
[Round "5"]
[White "MrChessSponge"]
[Black "PawnEatingZombie"]
[Result "1-0"]
[WhiteElo "2267"]
[BlackElo "2157"]
[TimeControl "180+2"]
[EndTime "15:00:08 PDT"]
[Termination "MrChessSponge won by resignation"]

1. d4 d5 2. c4 e6 3. Nf3 dxc4 4. e3 b5 5. a4 c6 6. axb5 cxb5 7. b3 Bb4+ 8. Bd2 Bxd2+ 9. Nbxd2 a5 10. bxc4 b4 11. Ne5 Nf6 12. Be2 O-O 13. Bf3 Ra6 14.
O-O Qc7 15. Qa4 Bb7 16. Bxb7 Qxb7 17. Nb3 Nc6 18. Nc5 Qc8 19. Nxa6 Nxe5 20. dxe5 Nd7 21. Qxa5 1-0